 Dungeon Crawl Stone Soup version 0.19-a0-1773-gaa448fe (webtiles) character file.

38 Firebatgyro the Skirmisher (level 3, -3/31 HPs)
             Began as a Draconian Wanderer on Oct 31, 2016.
             Slain by a gnoll
             ... wielding a +0 club
              (6 damage)
             ... on level 2 of the Dungeon.
             The game lasted 00:03:56 (1843 turns).

Firebatgyro the Skirmisher (Draconian Wanderer)     Turns: 1843, Time: 00:03:57

Health: -3/31      AC:  7    Str: 15    XL:     3   Next: 25%
Magic:  0/6        EV: 11    Int: 10    God:
Gold:   90         SH:  0    Dex: 12    Spells: 1 memorised, 5 levels left

rFire  . . .     SeeInvis .     d - +1 club
rCold  . . .     Gourm    .     (armour unavailable)
rNeg   . . .     Faith    .     (no shield)
rPois  .         Spirit   .     (helmet restricted)
rElec  .         Dismiss  .     p - +1 cloak
rCorr  .         Reflect  .     (no gloves)
MR     .....     Harm     .     (no boots)
Stlth  +.........               (no amulet)
                                (no ring)
                                (no ring)

@: very slightly contaminated
A: unfitting armour, high mp 1, wild magic 1, cold-blooded, AC +5
a: no special abilities


You were on level 2 of the Dungeon.
You were not hungry.

You visited 1 branch of the dungeon, and saw 3 of its levels.

You collected 90 gold pieces.

Inventory:

Hand Weapons
 d - a +1 club (weapon)
Armour
 p - a +1 cloak (worn)
Scrolls
 e - a scroll of recharging
Potions
 o - a potion of lignification {unknown}
 s - a potion of cure mutation {unknown}
Books
 a - a Young Poisoner's Handbook

   Spells                             Type                      Level
   a - Sting                          Conjuration/Poison           1
   b - Mephitic Cloud                 Conjuration/Poison/Air       3
   c - Olgreb's Toxic Radiance        Poison                       4
   d - Alistair's Intoxication        Transmutation/Poison         5
   e - Venom Bolt                     Conjuration/Poison           5
 b - the Compendium of Earth

   Spells                             Type                      Level
   a - Sandblast                      Earth                        1
   b - Stone Arrow                    Conjuration/Earth            3
 c - the Disquisition on Shape Shifting

   Spells                             Type                      Level
   a - Beastly Appendage              Transmutation                1
   b - Spider Form                    Transmutation/Poison         3
Comestibles
 v - 4 fruits


   Skills:
 + Level 3.2 Fighting
 - Level 1.0 Throwing
   Level 1.0 Shields
 - Level 2.0 Spellcasting
   Level 1.0 Hexes
   Level 3.0 Transmutations
 - Level 2.0 Poison Magic


You had 5 spell levels left.
You knew the following spells:

 Your Spells              Type           Power        Failure   Level  Hunger
a - Sting                 Conj/Pois      #...         28%         1    ##.....


Dungeon Overview and Level Annotations

Branches:
Dungeon (3/15)

Altars:

Annotations:
D:3 Grinder, Terence


Innate Abilities, Weirdness & Mutations

Your plain brown scales are hard. (AC +5)
You cannot fit into any form of body armour.
You are cold-blooded and may be slowed by cold attacks.
You have an increased reservoir of magic. (+10% MP)
Your spells are a little harder to cast, but a little more powerful.


Message History

Confirm with . or Enter, or press ? or * to list all spells.
Aiming: Sting
Press: ? - help, Shift-Dir - straight line, f/p - gnoll
Aim: a gnoll, wielding a whip (moderately wounded)
The sting hits the gnoll.
The gnoll appears unharmed.
The gnoll is moderately wounded.
The gnoll hits you with a club.
* * * LOW HITPOINT WARNING * * *
Casting: Sting
Confirm with . or Enter, or press ? or * to list all spells.
You don't have enough magic to cast that spell.
Unknown command.
Casting: Sting
Confirm with . or Enter, or press ? or * to list all spells.
You don't have enough magic to cast that spell.
Unknown command.
You hit the gnoll.
The gnoll is heavily wounded.
The gnoll hits you with a club.
You die... #.....# #.......## #..... #.........# #..... +.......[.' #.... #.........# .... ##.......## gg#

##.....## #g#
##...## #g#
#######+### #@#
#.........#
#)####.##....#.#
#..†......#.†#.###
######.##.........
#.###.....### #.#
##....# #.# ##.#.#
#.# ###.# #.. ..#


You could see 4 gnolls.

Vanquished Creatures
  A worm (D:2)
  A dart slug (D:1)
  2 giant cockroaches
  4 goblins
  6 hobgoblins
  A kobold (D:1)
  A quokka (D:2)
  A ball python (D:2)
  5 bats
  4 frilled lizards
  6 rats
32 creatures vanquished.

Notes
Turn   | Place    | Note
-------+----------+-------------------------------------------
     0 | D:1      | Firebatgyro the Draconian Wanderer began the quest for the Orb.
     0 | D:1      | Firebatgyro set off with: a Young Poisoner's Handbook, the Compendium of Earth, the Disquisition on Shape Shifting, a +0 club, a bread ration
     0 | D:1      | Reached XP level 1. HP: 14/14 MP: 3/3
    20 | D:1      | Learned a level 1 spell: Sting
    75 | D:1      | Reached skill level 1 in Fighting
   437 | D:1      | Reached XP level 2. HP: 23/24 MP: 5/5
   840 | D:2      | Noticed Terence
  1204 | D:2      | HP: 1/25 [worm (6)]
  1209 | D:2      | Reached XP level 3. HP: 1/31 MP: 1/6
  1533 | D:3      | Noticed Grinder
  1534 | D:3      | Paralysed by Grinder for 2 turns
  1541 | D:3      | Gained mutation: You have an increased reservoir of magic. (+10% MP) [potion of beneficial mutation]
  1542 | D:3      | Gained mutation: Your spells are a little harder to cast, but a little more powerful. [potion of beneficial mutation]
  1843 | D:2      | Slain by a gnoll

Vault maps used:
D:1:      saegor_arrival_simple_e
D:2:      uniq_terence
D:3:      uniq_grinder, uniq_robin

Skill      XL: |  1  2 |
---------------+-------+-----
Fighting       | 1 3 |  3.2
Throwing       | |  1.0
Shields        | |  1.0
Spellcasting   | |  2.0
Hexes          | |  1.0
Transmutations | |  3.0
Poison Magic   | |  2.0

Action                   || total
-------------------------++-------
Melee: Club              ||   117
       Tailslap          ||    12
 Cast: Sting             ||    29
  Use: Scroll            ||    12
       Potion            ||     3
 Stab: Sleeping          ||     1
  Eat: Chunk             ||     1
       Bread ration      ||     1
Armor: Skin              ||    59
Dodge: Dodged            ||   105
